 Dungeon Crawl Stone Soup version 0.29-a0-557-g43b9904bd1 (webtiles) character file.

Game seed: 14232044953048848324

5203 zeratav the Tainter (level 10, -8/71 HPs)
             Began as an Octopode Venom Mage on June 8, 2022.
             Was an Initiate of Gozag.
             Killed from afar by an acid dragon (13 damage)
             ... with a splash of acid
             ... on level 8 of the Dungeon.
             The game lasted 00:33:02 (13749 turns).

zeratav the Tainter (Octopode Venom Mage)          Turns: 13749, Time: 00:33:03

Health: -8/71      AC: -3    Str:  8    XL:     10   Next: 60%
Magic:  19/19      EV: 13    Int: 22    God:    Gozag
Gold:   728        SH:  5    Dex: 12    Spells: 11/21 levels left

rFire   . . .      SeeInvis .   w - +8 dagger "Xiusiho" {vorpal, rPois rN+ Stlth+, short}
rCold   . . .      Faith    .   (no shield)
rNeg    + + .      Spirit   .   (helmet restricted)
rPois   +          Reflect  +   q - amulet of reflection
rElec   .          Harm     .   D - ring of positive energy
rCorr   .          Rampage  .   o - ring of flight
Will    .....                   (no ring)
Stlth   ++++......              (no ring)
HPRegen 0.21/turn               (no ring)
MPRegen 0.16/turn               (no ring)
                                (no ring)
                                (no ring)

@: corroded, flying
A: almost no armour, amphibious, 8 rings, camouflage 1, gelatinous body 1,
(nimble swimmer 1), tentacles
a: Renounce Religion, Potion Petition, Call Merchant, Bribe Branch


You were on level 8 of the Dungeon.
You worshipped Gozag.
Gozag was pleased with you.
You visited 1 branch of the dungeon, and saw 8 of its levels.
You also visited: Ossuary.

You collected 1599 gold pieces.
You paid 871 gold pieces to Gozag.


Innate Abilities, Weirdness & Mutations

You cannot wear most types of armour.
You are amphibious.
You can wear up to eight rings at the same time.
Your skin changes colour to match your surroundings (Stealth+).
Your rubbery body absorbs attacks. (AC +1, EV +1)
((You are camouflaged when in or above water. (Stealth+)))
You have tentacles for arms and can constrict up to eight enemies at once.


   Skills:
 + Level 7.1 Fighting
 - Level 2.0 Dodging
 - Level 2.6 Stealth
 - Level 6.0 Spellcasting
 + Level 6.1 Transmutations
 + Level 7.0 Air Magic
 - Level 10.0 Poison Magic


You had 11 spell levels left.
You knew the following spells:

 Your Spells              Type           Power      Damage    Failure   Level
a - Olgreb's Toxic Radia  Pois           50%        N/A       1%          4
b - Ignite Poison         Fire/Tmut/Pois 30%        N/A       3%          3
c - Sting                 Tmut/Pois      100%       1d8       1%          1
d - Poisonous Vapours     Pois/Air       88%        N/A       1%          2

Your spell library contained the following spells:

 Spells                   Type           Power      Damage    Failure   Level
 Spider Form              Tmut/Pois      42%        N/A       1%          3
 Mephitic Cloud           Conj/Pois/Air  31%        N/A       2%          3
 Apportation              Tloc           12%        N/A       9%          1
 Alistair's Intoxication  Tmut/Pois      28%        N/A       10%         5
 Ensorcelled Hibernation  Hex/Ice        12%        N/A       14%         2
 Summon Lightning Spire   Summ/Air       22%        N/A       22%         4
 Ozocubu's Armour         Ice            6%         N/A       26%         3
 Anguish                  Hex/Necr       3%         N/A       65%         4
 Freezing Cloud           Conj/Ice/Air   8%         6-21      67%         5
 Storm Form               Tmut/Air       17%        N/A       99%         7
 Ozocubu's Refrigeration  Ice            3%         4d5       100%        7
 Maxwell's Capacitive Co  Air            18%        ∞         100%        8

Inventory:

Hand Weapons
 w - the +8 dagger "Xiusiho" (weapon) {vorpal, rPois rN+ Stlth+, short}
   (You found it on level 4 of the Dungeon)

   It inflicts extra damage upon your enemies.
   rPois:     It protects you from poison.
   rN:        It protects you from negative energy.
   Stlth:     It makes you more stealthy.
 H - the +4 whip of the Heavens {drain, rN+ Str+6, mace}
   (You took it off a wight on level 7 of the Dungeon)

   A truly terrible weapon, it drains the life of any living foe it strikes.
   Str:       It affects your strength (+6).
   rN:        It protects you from negative energy.
Jewellery
 o - a ring of flight (right tentacle)
   (You found it on level 8 of the Dungeon)
 q - an amulet of reflection (around mantle)
   (You found it on level 3 of the Dungeon)
 D - a ring of positive energy (left tentacle)
   (You found it on level 7 of the Dungeon)
 J - a ring of positive energy
   (You found it on level 8 of the Dungeon)
Wands
 C - a wand of acid (9)
   (You found it on level 6 of the Dungeon)
 F - a wand of mindburst (10)
   (You found it on level 7 of the Dungeon)
 I - a wand of flame (8)
   (You found it on level 7 of the Dungeon)
Scrolls
 b - a scroll of vulnerability {!r!r}
 i - 3 scrolls of teleportation {@r4}
 j - a scroll of acquirement
 k - 4 scrolls of fear
 l - 3 scrolls of poison
 m - a scroll of immolation {!r!r}
 r - 3 scrolls of enchant armour {unknown}
 u - 3 scrolls of blinking {unknown}
 x - 2 scrolls of torment {unknown}
 y - 4 scrolls of fog {unknown}
 z - a scroll of magic mapping {!r}
 K - a scroll of amnesia {unknown}
Potions
 a - 3 potions of magic
 c - 5 potions of lignification {unknown}
 d - a potion of brilliance {unknown}
 e - 2 potions of attraction {unknown}
 f - 5 potions of curing {@q1}
 g - 4 potions of heal wounds {unknown}
 h - 3 potions of flight {unknown}
 n - 3 potions of cancellation {unknown}
 p - 2 potions of haste {unknown}
 s - a potion of ambrosia {unknown}
 t - 2 potions of invisibility {unknown}
 v - 2 potions of mutation {unknown}
 A - a potion of berserk rage {unknown}
 B - 3 potions of degeneration {unknown}
 E - a potion of might {unknown}
 G - a potion of resistance {unknown}

Dungeon Overview and Level Annotations

Branches:
Dungeon (8/15)             Temple (0/1) D:7         Ossuary (visited)
   Lair: D:8-11

Altars:
Gozag
Kikubaaqudgha
Xom

Shops:
D:8 =

Annotations:
D:3 1 runed translucent door, Crazy Yiuf
D:6 1 runed translucent door, trickyswaf's ghost, weakling MiDe

##.##..)##.#[##.[#...#.##.#
........##.....[<[...#.##.#
##..#...##.####)[....# #.# ...
#...##...........# #.# ##
#.......D.<..##..# ##.#
#...#.......)....#.##.##
............[.............#
..............#......#.##.##
................@....#.##.#
......#..#.............##.####
.............................#
#.....#).#.##.#..#...####.####
#.[. ..... #.#..#...# #.# $...
..... .........# #.# ....
####..#...## #.# ... #..#.....
#.# .. . ...#.##.#


You could see an acid dragon (fleeing, catching breath).


Message History

Your toxic aura wanes.
The acid dragon spits acid at you. The splash of acid hits you!!
* * * LOW HITPOINT WARNING * * *
The acid corrodes you!
There is a stone staircase leading up here.
HP[-29]
You take 29 damage, and now have 34/71 hp.
MASSIVE DAMAGE!! (PAUSE)
You fly upwards.
There is a stone staircase leading down here.
You start resting.
You are no longer corroded.
HP[+3] MP[+2]
You regained 3 hp, and now have 37/71 hp.
You regained 2 mp, and now have 4/19 mp.
You start resting.
HP[+34] MP[+15]
Your hp is fully restored (71).
Your mp is fully restored (19).
You start waiting.
Done waiting.
There is a stone staircase leading down here.
You fly downwards.
The acid dragon spits acid at you. The splash of acid hits you!!
The acid corrodes you!
There is a stone staircase leading up here.
HP[-20]
You take 20 damage, and now have 51/71 hp.
MASSIVE DAMAGE!! (PAUSE)
You fly upwards.
There is a stone staircase leading down here.
HP[+1]
You start resting.
You are no longer corroded.
HP[+2]
You regained 2 hp, and now have 54/71 hp.
You start resting.
HP[+17]
Your hp is fully restored (71).
Unknown command.
You start waiting.
Done waiting.
There is an open door here.
There is a stone staircase leading down here.
You fly downwards.
The acid dragon spits acid at you. The splash of acid hits you!
There is a stone staircase leading up here.
HP[-17]
You take 17 damage, and now have 54/71 hp.
MASSIVE DAMAGE!! (PAUSE)
The acid dragon bites you! The acid dragon closely misses you.
HP[-14]
You take 14 damage, and now have 40/71 hp.
You hit the acid dragon. You squeeze the acid dragon!
The acid dragon closely misses you. The acid dragon claws you.
HP[-3]
You take 3 damage, and now have 37/71 hp.
You puncture the acid dragon!
You squeeze the acid dragon, but do no damage.
You block the acid dragon's attack. The acid dragon claws you.
* * * LOW HITPOINT WARNING * * *
HP[-4]
You take 4 damage, and now have 33/71 hp.
You barely miss the acid dragon. The acid dragon bites you.
* * * LOW HITPOINT WARNING * * *
You block the acid dragon's attack.
HP[-2]
You take 2 damage, and now have 31/71 hp.
You closely miss the acid dragon. The acid dragon bites you.
* * * LOW HITPOINT WARNING * * *
You block the acid dragon's attack.
HP[-5]
You take 5 damage, and now have 26/71 hp.
You closely miss the acid dragon. The acid dragon barely misses you.
You block the acid dragon's attack.
You hit the acid dragon. You squeeze the acid dragon.
The acid dragon spits acid at you. The splash of acid hits you!!
* * * LOW HITPOINT WARNING * * *
The acid corrodes you!
HP[-20]
You take 20 damage, and now have 6/71 hp.
MASSIVE DAMAGE!! (PAUSE)
You feel better. The acid dragon bites you!
* * * LOW HITPOINT WARNING * * *
The acid dragon misses you.
HP[-1]
You take 1 damage, and now have 5/71 hp.
Read: 5 scrolls of fear
Press: ? - help, Q - select action, (/) - cycle Dir - look around, f - activate Look: an acid dragon (severely wounded, catching its breath, chance to affect: 97%)
As you read the scroll of fear, it crumbles to dust.
You assume a fearsome visage.
The acid dragon looks frightened!
There is a stone staircase leading up here.
The acid dragon spits acid at you. The splash of acid hits you!
You die...
Your body crumbles into a pile of gold.

Skill      XL: |  1  2  3  4  5  6  7  8  9 10 |
---------------+-------------------------------+-----
Poison Magic   | 4 5 6 7 8 10 | 10.0
Air Magic      | 1 2 3 5 7 |  7.0
Spellcasting   | 3 4 6 |  6.0
Fighting       | 3 5 7 |  7.1
Transmutations | 4 6 |  6.1
Dodging        | |  2.0
Stealth        | |  2.6

Action                   |  1- 3 |  4- 6 |  7- 9 | 10-12 || total
-------------------------+-------+-------+-------+-------++-------
Melee: Unarmed           |     7 |       |       |       ||     7
       Constrict         |    14 |    12 |    50 |     7 ||    83
       Tentacles         |    12 |    12 |    58 |     8 ||    90
       Dagger            |    36 |    41 |   202 |    23 ||   302
       Whip              |     3 |       |       |       ||     3
       Punch             |       |     1 |     6 |     1 ||     8
 Cast: Sting             |    22 |    30 |     8 |       ||    60
       Poisonous Vapours |       |    27 |    24 |       ||    51
       Olgreb's Toxic Ra |       |       |    50 |    28 ||    78
       Ignite Poison     |       |       |     4 |    11 ||    15
Invok: Call Merchant     |       |       |       |     1 ||     1
  Use: Scroll            |       |       |     6 |     5 ||    11
       Potion            |       |       |       |     1 ||     1
 Stab: Sleeping          |     3 |     1 |     7 |     1 ||    12
Armor: Skin              |     8 |     2 |     7 |       ||    17
Dodge: Dodged            |    28 |    31 |    83 |    20 ||   162
Block: Other             |       |       |    24 |     7 ||    31
       Reflection        |       |       |       |     1 ||     1

Levels and vault maps discovered:
D:1:      lightli_arrival_statuegarden, layout_basic, fountainhead
D:2:      layout_basic, basic_altar, serial_forest,
          infiniplex_forest_clump_double, infiniplex_forest_lined_room_3,
          infiniplex_forest_lined_3, infiniplex_forest_lined_2,
          infiniplex_forest_lined_ring, infiniplex_forest_diagonal,
          infiniplex_forest_clump_small, infiniplex_forest_straight_4,
          corexii_leaking_fountain
D:3:      layout_loops_ring, hellmonk_ecumenical_altar_dog_temple, uniq_jessica,
          uniq_crazy_yiuf_cottage
D:4:      layout_gridville, nicolae_gozag_seed_capital, uniq_grinder
D:5:      wad_woods_settlement, layout_layer_cave, kennysheep_generic_room_9
D:6:      layout_rooms, ebering_ghost_xom
D:7:      layout_rooms, minmay_temple_entry_gardened_gates, enter_ossuary_1,
          nicolae_elevator_lobby_plus
D:8:      minmay_bloctagon, layout_basic, uniq_psyche

Notes
Turn   | Place    | Note
-------+----------+-------------------------------------------
     0 | D:1      | zeratav the Octopode Venom Mage began the quest for the
                  | Orb.
     0 | D:1      | Reached XP level 1. HP: 11/11 MP: 3/3
     0 | D:1      | magus.rc [v1.9.6]
   293 | D:1      | Reached skill level 4 in Poison Magic
   295 | D:1      | Reached XP level 2. HP: 16/17 MP: 0/5
  1124 | D:2      | Reached XP level 3. HP: 21/21 MP: 6/6
  1176 | D:2      | Found an ancient bone altar of Kikubaaqudgha.
  1862 | D:3      | Reached skill level 5 in Poison Magic
  2130 | D:3      | Noticed Jessica
  2141 | D:3      | Killed Jessica
  2142 | D:3      | Reached skill level 1 in Air Magic
  2142 | D:3      | Reached XP level 4. HP: 13/27 MP: 3/8
  2409 | D:3      | Found a faded altar of an unknown god.
  2528 | D:3      | You add the spells Ozocubu's Armour and Ozocubu's
                  | Refrigeration to your library.
  2623 | D:3      | Found a runed translucent door.
  2624 | D:3      | Noticed Crazy Yiuf
  2630 | D:3      | Learned a level 2 spell: Poisonous Vapours
  3944 | D:4      | Reached XP level 5. HP: 12/31 MP: 1/9
  3947 | D:4      | Reached skill level 3 in Spellcasting
  4195 | D:4      | Noticed Grinder
  4294 | D:4      | Reached skill level 6 in Poison Magic
  4320 | D:4      | Reached skill level 2 in Air Magic
  4963 | D:4      | Found an opulent altar of Gozag.
  4993 | D:4      | Became a worshipper of Gozag Ym Sagoz the Greedy
  5008 | D:4      | Reached XP level 6. HP: 36/36 MP: 7/10
  5108 | D:4      | Paralysed by Grinder for 3 turns
  5114 | D:4      | HP: 8/36 [Grinder (2)]
  5116 | D:4      | Killed Grinder
  5117 | D:4      | Reached skill level 7 in Poison Magic
  5364 | D:4      | Reached XP level 7. HP: 41/41 MP: 6/12
  5695 | D:4      | Identified the +8 dagger "Xiusiho" {vorpal, rPois rN+
                  | Stlth+}
  5865 | D:5      | Entered Level 5 of the Dungeon
  6005 | D:5      | Reached skill level 4 in Spellcasting
  6005 | D:5      | Reached skill level 3 in Air Magic
  6295 | D:5      | You pick up a book of Party Tricks and begin reading...
  6295 | D:5      | You add the spells Apportation and Alistair's Intoxication
                  | to your library.
  6334 | D:5      | Reached skill level 8 in Poison Magic
  6342 | D:5      | You pick up a book of the Sky and begin reading...
  6342 | D:5      | You add the spells Summon Lightning Spire, Storm Form and
                  | Maxwell's Capacitive Coupling to your library.
  6389 | D:5      | Learned a level 4 spell: Olgreb's Toxic Radiance
  7089 | D:5      | Reached XP level 8. HP: 46/46 MP: 9/14
  7523 | D:5      | Reached skill level 5 in Spellcasting
  8110 | D:6      | Reached skill level 9 in Poison Magic
  8607 | D:6      | Reached skill level 6 in Spellcasting
  8607 | D:6      | Reached skill level 10 in Poison Magic
  8702 | D:6      | Reached skill level 1 in Fighting
  8861 | D:6      | Reached skill level 2 in Fighting
  8960 | D:6      | Reached skill level 3 in Fighting
  8960 | D:6      | Reached XP level 9. HP: 52/57 MP: 0/18
  9141 | D:6      | You add the spells Ignite Poison and Freezing Cloud to your
                  | library.
  9146 | D:6      | Learned a level 3 spell: Ignite Poison
  9495 | D:6      | Found a runed translucent door.
  9496 | D:6      | Found a shimmering altar of Xom.
  9496 | D:6      | Noticed trickyswaf's ghost (weakling MiDe)
  9497 | D:6      | Noticed a +0 falchion of chaos
  9791 | D:7      | Reached skill level 4 in Fighting
  9791 | D:7      | Reached skill level 2 in Transmutations
  9791 | D:7      | Reached skill level 4 in Air Magic
  9896 | D:7      | Found a sand-covered staircase.
  9906 | Ossuary  | Entered an ossuary
 10611 | Ossuary  | Reached skill level 3 in Transmutations
 10875 | D:7      | Identified the +4 whip of the Heavens {drain, rN+ Str+6}
 11156 | D:7      | Found a staircase to the Ecumenical Temple.
 11188 | D:7      | Reached skill level 5 in Fighting
 11251 | D:7      | Reached skill level 5 in Air Magic
 11422 | D:8      | Reached skill level 4 in Transmutations
 11791 | D:8      | Reached XP level 10. HP: 68/68 MP: 7/19
 11927 | D:8      | Reached skill level 6 in Fighting
 11998 | D:8      | You pick up a book of Dreams and begin reading...
 11998 | D:8      | You add the spells Ensorcelled Hibernation, Spider Form and
                  | Anguish to your library.
 12021 | D:8      | Identified a scroll of acquirement
 12038 | D:8      | Noticed Psyche
 12040 | D:8      | Reached skill level 6 in Air Magic
 12047 | D:8      | Reached skill level 5 in Transmutations
 13070 | D:8      | Reached skill level 7 in Fighting
 13159 | D:8      | Killed Psyche
 13160 | D:8      | Reached skill level 6 in Transmutations
 13160 | D:8      | Reached skill level 7 in Air Magic
 13745 | D:8      | HP: 6/71 [acid dragon/splash of acid (20)]
 13749 | D:8      | Killed from afar by an acid dragon

Vanquished Creatures
  Psyche (D:8)
  Grinder (D:4)
  2 hornets (D:8)
  A wyvern (D:8)
  3 steam dragons (D:8)
  A water moccasin (D:7)
  A sky beast (D:6)
  2 black bears (D:6)
  An ice beast (D:8)
  2 ogres
  2 centaurs (D:8)
  A phantom (D:5)
  6 bullfrogs
  2 elf zombies (Ossuary)
  A gnoll sergeant (D:8)
  5 scorpions
  12 wights
  9 killer bees (D:8)
  2 centaur zombies (Ossuary)
  2 hounds
  2 human zombies (Ossuary)
  5 orc priests
  2 gnoll shamans
  A jelly (D:6)
  2 iguanas
  Jessica (D:3)
  4 orc wizards
  2 hound zombies (Ossuary)
  3 mummies (Ossuary)
  14 gnolls
  6 adders
  3 river rats (D:5)
  A shadow imp (D:7)
  A white imp (D:6)
  3 ufetubi
  6 adder zombies (Ossuary)
  25 orcs
  4 ball pythons
  4 bats
  3 endoplasms
  4 giant cockroaches
  9 hobgoblins
  2 jackals (D:3)
  5 quokkas
  A frilled lizard (D:3)
  2 gnoll zombies (Ossuary)
  3 goblins
  3 goblin zombies (Ossuary)
  3 hobgoblin zombies (Ossuary)
  3 jackal zombies (Ossuary)
  8 kobolds
  2 kobold zombies (Ossuary)
  3 orc zombies (Ossuary)
  2 quokka zombies (Ossuary)
  5 rats
  2 rat zombies (Ossuary)
206 creatures vanquished.

Vanquished Creatures (others)
  37 plants
37 creatures vanquished.

Grand Total: 243 creatures vanquished

Table legend:
 A = Non-vault XP
 B = Vault XP
 C = Vault XP percentage of total XP
 D = Non-vault monster count
 E = Vault monster count
 F = Vault count percentage of total count
                 A         B        C        D         E       F
            +---------+---------+-------+---------+---------+-------
      Total |    4199 |    3235 |  43.5 |     142 |      64 |  31.1
            +---------+---------+-------+---------+---------+-------
        D:1 |      30 |       0 |   0.0 |      19 |       0 |   0.0
        D:2 |      38 |       0 |   0.0 |      10 |       0 |   0.0
        D:3 |      38 |      41 |  51.9 |       8 |       3 |  27.3
        D:4 |     232 |     286 |  55.2 |      25 |       1 |   3.8
        D:5 |     563 |     196 |  25.8 |      14 |       7 |  33.3
        D:6 |    1255 |       0 |   0.0 |      33 |       0 |   0.0
        D:7 |     757 |       0 |   0.0 |      11 |       0 |   0.0
        D:8 |    1286 |    2204 |  63.2 |      22 |      16 |  42.1
    Ossuary |       0 |     508 | 100.0 |       0 |      37 | 100.0
            +---------+---------+-------+---------+---------+-------

Illustrated notes

Table legend:
 A = Kills in this place as a percentage of kills in entire the game.
 B = Kills by you in this place as a percentage of kills by you in the entire game.
 C = Kills by friends in this place as a percentage of kills by friends in the entire game.
 D = Other kills in this place as a percentage of other kills in the entire game.
 E = Experience gained in this place as a percentage of experience gained in the entire game.
 F = Experience gained in this place divided by the number of levels of this place that you have seen.
                   A       B       C       D       E      F
               +-------+-------+-------+-------+-------+----------------------
         Total | 100.0 | 100.0 |   N/A |   N/A | 100.0 | 826.0
       Dungeon |  82.0 |  82.0 |   N/A |   N/A |  93.2 | 865.8
       Ossuary |  18.0 |  18.0 |   N/A |   N/A |   6.8 | 508.0
               +-------+-------+-------+-------+-------+----------------------

Table legend: (Time is in decaauts)
 A = Elapsed time spent in this place.
 B = Non-inter-level travel time spent in this place.
 C = Inter-level travel time spent in this place.
 D = Time resting spent in this place.
 E = Time spent auto-exploring this place.
 F = Levels seen in this place.
 G = Mean time per level.
                   A        B        C        D        E       F      G
               +--------+--------+--------+--------+--------+-----+--------+
         Total |  13734 |  13230 |    504 |   5779 |   4304 |   9 | 1526.0 |
       Dungeon |  12830 |  12326 |    504 |   5297 |   4287 |   8 | 1603.8 |
       Ossuary |    903 |    903 |      0 |    482 |     17 |   1 |  903.0 |
               +--------+--------+--------+--------+--------+-----+--------+

Top non-repeatable levels by time:
     D:5: 2413 daAuts
     D:3: 2156 daAuts
     D:4: 1972 daAuts
     D:8: 1690 daAuts
     D:6: 1441 daAuts
     D:7: 1436 daAuts
     D:1: 1016 daAuts
 Ossuary: 903 daAuts
     D:2: 703 daAuts
